 Dungeon Crawl Stone Soup version 0.29.0-4-gdea44cf6ec (webtiles) character file.

Game seed: 5258017266166079411

211 qw the Chopper (level 5, -3/30 HPs)
             Began as a Tengu Warper on Aug 28, 2022.
             Succumbed to a gnoll's poison
             ... on level 2 of the Dungeon.
             The game lasted 00:00:08 (1702 turns).

qw the Chopper (Tengu Warper)                       Turns: 1702, Time: 00:00:09

Health: -3/30      AC: 10    Str: 16    XL:     5   Next: 88%
Magic:  9/9        EV:  6    Int: 11    God:
Gold:   120        SH:  0    Dex: 17    Spells: 8/8 levels left

rFire   . . .      SeeInvis .   Y - +0 hand axe
rCold   . . .      Faith    .   (no shield)
rNeg    . . .      Spirit   .   j - +0 plate armour
rPois   .          Reflect  .   (helmet restricted)
rElec   .          Harm     .   (no cloak)
rCorr   .          Rampage  .   (no gloves)
Will    .....                   (boots unavailable)
Stlth   ..........              (no amulet)
HPRegen 0.10/turn               (no ring)
MPRegen 0.11/turn               (no ring)

@: lethally poisoned (-3 -> -19), flying quickly and evasively, quick
A: beak, talons 3, nimble flight, claws 1, horns 1, agile 1, strong 1
a: no special abilities


You were on level 2 of the Dungeon.
You visited 1 branch of the dungeon, and saw 2 of its levels.

You collected 120 gold pieces.


Innate Abilities, Weirdness & Mutations

You have a beak for a mouth.
You have claws for feet.
Your magical nature lets you fly swiftly and evasively.
You have sharp fingernails.
You have a pair of small horns on your head.
You are agile. (Dex +4, Str/Int -1)
Your muscles are strong. (Str +4, Int/Dex -1)


   Skills:
 - Level 2.0 Fighting
 - Level 6.3 Axes
 - Level 1.0 Throwing
 + Level 1.7 Armour
 - Level 2.1 Dodging
 - Level 2.0 Spellcasting
 - Level 2.4 Translocations


You had 8 spell levels left.
You didn't know any spells.
Your spell library contained the following spells:

 Spells                   Type           Power      Damage    Failure   Level
 Blink                    Tloc           12%        N/A       100%        2
 Gell's Gravitas          Tloc           6%         N/A       100%        3
 Lesser Beckoning         Tloc           6%         N/A       100%        3
 Teleport Other           Tloc           6%         N/A       100%        3
 Manifold Assault         Tloc           6%         N/A       100%        5

Inventory:

Hand Weapons
 k - a +0 club
 Y - a +0 hand axe (weapon)
Armour
 j - a +0 plate armour (worn)
Potions
 a - a potion of heal wounds {unknown}
 g - a potion of berserk rage {unknown}
 i - a potion of attraction {unknown}

Dungeon Overview and Level Annotations

Branches:
Dungeon (2/15)

Altars:


Message History

You hit the gnoll but do no damage. You peck the gnoll.
The gnoll is lightly wounded.
The gnoll hits you with a +0 flail.
You barely miss the gnoll. You claw the gnoll. You headbutt the gnoll.
You peck the gnoll, but do no damage.
The gnoll is heavily wounded.
The gnoll barely misses you. The gnoll hits you with a +0 flail.
You hit the gnoll. You claw the gnoll, but do no damage.
Your peck misses the gnoll.
The gnoll is heavily wounded.
The gnoll barely misses you.
The gnoll hits you from afar with a +0 spear of venom.
You are poisoned.
You slash the gnoll!
You kill the gnoll!
You feel very sick. The gnoll hits you but does no damage.
You are lethally poisoned!
You feel very sick.
You see here a +0 flail.
You hit the gnoll but do no damage. You barely miss the gnoll.
You feel very sick. The gnoll hits you but does no damage.
The gnoll hits you with a +0 whip.
You hit the gnoll. You headbutt the gnoll.
You kill the gnoll!
You hit the gnoll.
You feel very sick.
The gnoll hits you with a +0 spear of venom.
You are more poisoned.
A gnoll comes into view. It is wielding a +0 club.
The gnoll shouts!
You hit the gnoll.
The gnoll is heavily wounded.
You feel very sick. The gnoll completely misses you.
You hit the gnoll but do no damage. You claw the gnoll.
You headbutt the gnoll, but do no damage.
You peck the gnoll, but do no damage.
The gnoll is severely wounded.
You die...

#.................#
#.........)########
#..........#
#..........#
##########.# #.#
#.# #.# #@#
...g..)g# ...####.#
#+#


You could see 2 gnolls.

Vanquished Creatures
  Sigmund (D:2)
  2 gnolls (D:2)
  A dart slug (D:1)
  5 bats (D:1)
  2 endoplasms (D:1)
  2 giant cockroaches (D:1)
  3 goblins (D:1)
  2 hobgoblins (D:1)
  A ball python (D:1)
  2 frilled lizards (D:1)
  2 kobolds (D:1)
  7 rats (D:1)
30 creatures vanquished.

Notes
Turn   | Place    | Note
-------+----------+-------------------------------------------
     0 | D:1      | qw the Tengu Warper began the quest for the Orb.
     0 | D:1      | Reached XP level 1. HP: 12/12 MP: 4/4
     0 | D:1      | 0 ||| qw: Version: 0.1-a-89-g26bdef1
     0 | D:1      | 0 ||| qw: Game counter: 1532
     0 | D:1      | 0 ||| qw: Always use a shield: true
     0 | D:1      | 0 ||| qw: God list: Okawaru
     0 | D:1      | 0 ||| qw: Allow faded altars: false
     0 | D:1      | 0 ||| qw: Do Orc after D:15 true
     0 | D:1      | 0 ||| qw: Do second Lair branch before Depths: true
     0 | D:1      | 0 ||| qw: Lair rune preference: random
     0 | D:1      | 0 ||| qw: Plans: Normal
     0 | D:1      | 0 ||| PLANNING D:1-11
   157 | D:1      | 157 ||| Stepping ~*~*~tactically~*~*~ (stealth).
   312 | D:1      | Reached XP level 2. HP: 15/17 MP: 6/6
   361 | D:1      | Reached skill level 3 in Axes
   425 | D:1      | 425 ||| Stepping ~*~*~tactically~*~*~ (stealth).
   433 | D:1      | 433 ||| Stepping ~*~*~tactically~*~*~ (stealth).
   465 | D:1      | 465 ||| Stepping ~*~*~tactically~*~*~ (stealth).
   493 | D:1      | 493 ||| Stepping ~*~*~tactically~*~*~ (hiding).
   923 | D:1      | HP: 3/17 [hobgoblin (2)]
   925 | D:1      | HP: 1/17 [hobgoblin (1)]
   927 | D:1      | Reached XP level 3. HP: 2/21 MP: 7/7
  1463 | D:1      | 1463 ||| UPGRADING to +0 plate armour.
  1473 | D:1      | 1473 ||| DROPPING +0 leather armour.
  1474 | D:1      | 1474 ||| READING scroll labelled VASTROU TYUT.
  1575 | D:1      | 1575 ||| READING 2 scrolls labelled AMUSCH TUAN.
  1576 | D:1      | 1576 ||| READING scroll labelled AFAMAZ ODENG.
  1581 | D:1      | 1581 ||| READING scroll labelled SIVUUN TET.
  1582 | D:1      | 1582 ||| READING scroll labelled LEELEI LUMIACW.
  1583 | D:1      | 1583 ||| DRINKING 2 fuming grey potions.
  1583 | D:1      | Gained mutation: Your magical capacity is low. (-10% MP)
                  | [potion of mutation]
  1583 | D:1      | Gained mutation: You occasionally lose the ability to read
                  | scrolls when taking damage. [potion of mutation]
  1583 | D:1      | Gained mutation: You have sharp fingernails. [potion of
                  | mutation]
  1584 | D:1      | 1584 ||| DRINKING potion of mutation.
  1584 | D:1      | Lost mutation: You occasionally lose the ability to read
                  | scrolls when taking damage. [potion of mutation]
  1584 | D:1      | Lost mutation: Your magical capacity is low. (-10% MP)
                  | [potion of mutation]
  1584 | D:1      | Gained mutation: Your muscles are strong. (Str +4, Int/Dex
                  | -1) [potion of mutation]
  1584 | D:1      | Gained mutation: You have a pair of small horns on your
                  | head. [potion of mutation]
  1584 | D:1      | Gained mutation: You are agile. (Dex +4, Str/Int -1)
                  | [potion of mutation]
  1594 | D:1      | 1594 ||| DROPPING scroll of blinking.
  1595 | D:1      | 1595 ||| DROPPING scroll of noise.
  1612 | D:2      | Noticed Sigmund
  1613 | D:2      | 1613 ||| Stepping ~*~*~tactically~*~*~ (hiding).
  1624 | D:2      | Killed Sigmund
  1625 | D:2      | Reached skill level 6 in Axes
  1625 | D:2      | Reached XP level 4. HP: 21/26 MP: 8/8
  1625 | D:2      | Gained mutation: Your magical nature lets you fly swiftly
                  | and evasively. [Tengu growth]
  1625 | D:2      | Reached XP level 5. HP: 25/30 MP: 9/9
  1689 | D:2      | 1689 ||| Stepping ~*~*~tactically~*~*~ (stealth).
  1691 | D:2      | 1691 ||| Stepping ~*~*~tactically~*~*~ (hiding).
  1700 | D:2      | HP: 6/30 [poisoned by a gnoll]
  1701 | D:2      | HP: 1/30 [poisoned by a gnoll]
  1702 | D:2      | Succumbed to a gnoll's poison

Levels and vault maps discovered:
D:1:      beargit_arrival_greenhouse, layout_loops_ring,
          minmay_misc_feat_columns, minmay_tetromino_o2
D:2:      layout_basic, basic_altar, chequers_mini_garden, uniq_sigmund

Skill      XL: |  1  2  3 |
---------------+----------+-----
Axes           | 3 6 |  6.3
Fighting       | |  2.0
Throwing       | |  1.0
Armour         | |  1.7
Dodging        | |  2.1
Spellcasting   | |  2.0
Translocations | |  2.4

Action                   |  1- 3 |  4- 6 || total
-------------------------+-------+-------++-------
Melee: Hand axe          |    72 |     8 ||    80
       Kick              |    15 |     3 ||    18
       Peck              |     4 |     3 ||     7
       Headbutt          |     1 |     3 ||     4
       Punch             |     1 |       ||     1
Throw: Boomerang         |     7 |       ||     7
  Use: Scroll            |     5 |       ||     5
       Potion            |     2 |       ||     2
Armor: Leather armour    |    28 |       ||    28
       Plate armour      |     4 |     2 ||     6
Dodge: Dodged            |    33 |     3 ||    36

Table legend:
 A = Non-vault XP
 B = Vault XP
 C = Vault XP percentage of total XP
 D = Non-vault monster count
 E = Vault monster count
 F = Vault count percentage of total count
                 A         B        C        D         E       F
            +---------+---------+-------+---------+---------+-------
      Total |      69 |     233 |  77.2 |      28 |       2 |   6.7
            +---------+---------+-------+---------+---------+-------
        D:1 |      40 |       2 |   4.8 |      26 |       1 |   3.7
        D:2 |      29 |     231 |  88.8 |       2 |       1 |  33.3
            +---------+---------+-------+---------+---------+-------
